AoeStats
← Tiny7192

Arabia

510701344Analyzed
2v2 RM · 17h ago on Oct 2, 2026· 27m 44s· 4 players
Game mode
Random Map
Map size
Medium (4 player)
Population
200
Speed
Normal
Resources
Standard
Victory
Conquest
Starting age
Dark Age
Ending age
Imperial Age
RankedLock teamsTeams togetherTeam positionsShared explorationLock speedFull tech treeHidden civsTurbo modeCheats
Victory
Defeat
🇨🇳 Vikings · China
829
+12
🇦🇺 Khmer · Australia
829
+12
🇲🇽 Sicilians · Mexico
762
-12
🇷🇺 Goths · Russia
730
-12
Raphael
0:34 Loom
12:30 Feudal Age
13:10 Double-Bit Axe
15:11 Horse Collar
16:31 Forging
18:37 Scale Mail Armor
24:47 Castle Age
26:23 Iron Casting
26:26 Chain Mail Armor
26:11 Gold Mining
26:55 Heavy Plow
28:26 Bow Saw
МТЗ-80
0:33 Loom
12:29 Feudal Age
12:34 Man-at-Arms
14:46 Scale Mail Armor
14:56 Forging
22:56 Castle Age
24:36 Double-Bit Axe
24:47 Stone Mining
24:48 Pikeman
27:38 Gold Mining
camiloandres2272
1:41 Loom
13:00 Feudal Age
14:15 Double-Bit Axe
14:13 Horse Collar
15:15 Bloodlines
17:20 Forging
17:53 Scale Barding Armor
26:03 Fletching
Tiny7192
0:30 Loom
12:21 Feudal Age
19:00 Castle Age
17:28 Double-Bit Axe
17:50 Horse Collar
18:12 Man-at-Arms
19:31 Forging
19:22 Scale Mail Armor
20:20 Squires
22:05 Town Watch
22:55 Long Swordsman
27:10 Iron Casting
Connection lost

Rejoining the realm…

Still unreachable

The connection could not be restored.

Session expired

The server has moved on; the page needs a fresh start.